 Dungeon Crawl Stone Soup version 0.29-a0-294-g83ea962da3 (webtiles) character file.

Game seed: 9654684408484655140

3461 kae the Arsonist (level 10, -3/50 HPs)
             Began as a Tengu Fire Elementalist on Mar 18, 2022.
             Was a Follower of Vehumet.
             Slain by an orc warrior
             ... wielding a +0 hand axe of flaming
              (12 damage)
             ... on level 6 of the Dungeon.
             The game lasted 00:06:37 (9451 turns).

kae the Arsonist (Tengu Fire Elementalist)          Turns: 9451, Time: 00:06:37

Health: -3/50      AC: 14    Str:  9    XL:     10   Next: 6%
Magic:  7/21       EV: 14    Int: 20    God:    Vehumet [*.....]
Gold:   359        SH:  0    Dex: 14    Spells: 9/22 levels left

rFire   . . .      SeeInvis .   (no weapon)
rCold   . . .      Faith    .   (no shield)
rNeg    . . .      Spirit   .   a - +1 robe
rPois   .          Reflect  .   (helmet restricted)
rElec   .          Harm     .   i - +2 cloak
rCorr   .          Rampage  .   (no gloves)
Will    .....                   (boots unavailable)
Stlth   ++........              n - amulet of regeneration
HPRegen 0.96/turn               j - +4 ring of protection
MPRegen 0.17/turn               h - +4 ring of protection

@: flying quickly and evasively, quick
A: beak, talons 3, nimble flight
a: Renounce Religion


You were on level 6 of the Dungeon.
You worshipped Vehumet.
Vehumet was aware of your devotion.
You visited 2 branches of the dungeon, and saw 7 of its levels.
You also visited: Sewer.

You collected 381 gold pieces.
You spent 22 gold pieces at shops.

Inventory:

Armour
 a - a +1 robe (worn)
 f - an orb of light
 i - a +2 cloak (worn)
Jewellery
 h - a +4 ring of protection (right hand)
 j - a +4 ring of protection (left hand)
 m - a ring of protection from cold
 n - an amulet of regeneration (around neck)
 o - a ring of ice
 p - a ring of ice
Wands
 r - a wand of acid (7)
Scrolls
 e - 5 scrolls of teleportation
 s - a scroll of enchant armour
 t - a scroll of amnesia {unknown}
Potions
 b - a potion of magic
 c - 2 potions of heal wounds
 d - 3 potions of curing
 g - 2 potions of might {unknown}
 k - a potion of haste {unknown}
 l - 4 potions of flight
 q - a potion of degeneration {unknown}


   Skills:
 - Level 2.1 Dodging
 - Level 2.0 Stealth
 + Level 6.7 Spellcasting
 + Level 9.2 Conjurations
 * Level 11.3 Fire Magic


You had 9 spell levels left.
You knew the following spells:

 Your Spells              Type           Power      Damage    Failure   Level
a - Foxfire               Conj/Fire      100%       2x1d9     1%          1
b - Scorch                Fire           100%       2d10      1%          2
c - Conjure Flame         Conj/Fire      47%        6-21      1%          3
d - Flame Wave            Conj/Fire      47%        2d10      1%          4
e - Inner Flame           Hex/Fire       29%        N/A       2%          3

Your spell library contained the following spells:

 Spells                   Type           Power      Damage    Failure   Level
 Magic Dart               Conj           100%       1d8       1%          1


Dungeon Overview and Level Annotations

Branches:
Dungeon (6/15)             Temple (1/1) D:5           Sewer (visited)

Altars:
Ashenzari
Cheibriados
Dithmenos
Elyvilon
Fedhas
Gozag
Hepliaklqana
Kikubaaqudgha
Makhleb
Nemelex Xobeh
Qazlal
Ru
Sif Muna
Trog
Uskayaw
Vehumet
Wu Jian
Xom
Yredelemnul
The Shining One

Shops:
D:2 ?

Annotations:
D:3 Pikel


Innate Abilities, Weirdness & Mutations

You have a beak for a mouth.
You have claws for feet.
Your magical nature lets you fly swiftly and evasively.


Message History

The orc warrior hits you with a +0 hand axe of flaming.
The orc warrior burns you.
The orc priest shouts!
The orc warrior closely misses you.
Casting: Scorch (safe; 1% risk of failure)
Confirm with . or Enter, or press ? or * to list all spells.
Flames lash the orc warrior.
The orc warrior is severely wounded.
The orc warrior's fire resistance burns away.
The orc warrior closely misses you. The orc priest barely misses you.
The orc warrior closely misses you.
The orc priest invokes the aid of Beogh against you.
Beogh smites you!
Casting: Scorch (safe; 1% risk of failure)
Confirm with . or Enter, or press ? or * to list all spells.
Flames lash the orc warrior.
The orc warrior is burned terribly!
The orc warrior is almost dead.
The orc warrior hits you with a +0 hand axe of flaming!
The orc warrior burns you.
The orc priest hits you from afar with a +0 trident!
The orc warrior hits you but does no damage.
The orc priest closely misses you.
Casting: Scorch (safe; 1% risk of failure)
Confirm with . or Enter, or press ? or * to list all spells.
Flames lash the orc.
The orc is heavily wounded.
The orc's fire resistance burns away.
The orc warrior closely misses you. The orc priest misses you.
The orc warrior hits you with a +0 hand axe of flaming!
* * * LOW HITPOINT WARNING * * *
The orc warrior burns you.
* * * LOW HITPOINT WARNING * * *
The orc priest miscasts a cantrip.
Casting: Scorch (safe; 1% risk of failure)
Confirm with . or Enter, or press ? or * to list all spells.
Flames lash the orc.
The orc is burned terribly!
You kill the orc!
Vehumet accepts your kill.
The orc warrior hits you with a +0 hand axe of flaming!
You die...

## #.##.# .# ..##.##########
.#####################.#.........
.....................).#.########
########################.#
<.......


ooooo.))# #.# .####### #o# #.# .# #)#######.# .# #@o.......# .# #########.# ##
### You could see an orc warrior (combustible) and an orc priest.

Vanquished Creatures
  A shadow (D:5)
  2 steam dragons (D:5)
  An acid dragon (D:6)
  A water moccasin (D:5)
  A sky beast (D:5)
  2 hornet zombies (D:6)
  A black bear (D:5)
  5 ogres
  3 centaurs (D:5)
  3 lemures (D:3)
  A phantom (D:5)
  A kobold brigand (Sewer)
  A bullfrog (D:6)
  4 necrophages
  A gnoll sergeant (D:5)
  2 scorpions
  2 wyvern zombies (D:6)
  5 killer bees (D:6)
  5 bullfrog zombies (D:6)
  4 centaur zombies (D:6)
  3 hounds
  A jelly (D:6)
  2 iguanas
  Jessica (D:3)
  An orc wizard (D:5)
  12 gnolls
  2 howler monkey skeletons (D:6)
  8 adders
  A river rat (Sewer)
  2 ufetubi
  2 worms
  5 dart slugs
  11 orcs
  5 ball pythons
  4 endoplasms
  4 giant cockroaches
  7 goblins
  7 hobgoblins
  8 jackals
  12 kobolds
  8 quokkas
  4 bats
  5 frilled lizards
  8 rats
169 creatures vanquished.

Vanquished Creatures (collateral kills)
  3 foxfires
3 creatures vanquished.

Vanquished Creatures (others)
  557 foxfires
  16 plants
  4 toadstools (D:1)
  6 withered plants (D:6)
583 creatures vanquished.

Grand Total: 755 creatures vanquished

Notes
Turn   | Place    | Note
-------+----------+-------------------------------------------
     0 | D:1      | kae the Tengu Fire Elementalist began the quest for the
                  | Orb.
     0 | D:1      | Reached XP level 1. HP: 10/10 MP: 4/4
   249 | D:1      | Reached XP level 2. HP: 15/15 MP: 3/6
   740 | D:1      | Reached XP level 3. HP: 19/19 MP: 3/7
   830 | D:1      | Reached skill level 4 in Fire Magic
  2180 | D:2      | Reached XP level 4. HP: 22/24 MP: 5/8
  2507 | D:2      | Found Xoxaomez's Magic Scroll Boutique.
  2512 | D:2      | Bought a scroll of identify for 22 gold pieces
  2713 | D:3      | Noticed Jessica
  2718 | D:3      | Killed Jessica
  2728 | D:3      | Learned a level 2 spell: Scorch
  2732 | D:3      | Learned a level 3 spell: Conjure Flame
  2922 | D:3      | Gained mutation: Your magical nature lets you fly swiftly
                  | and evasively. [Tengu growth]
  2922 | D:3      | Reached XP level 5. HP: 28/28 MP: 5/10
  3153 | D:3      | Reached skill level 5 in Fire Magic
  3190 | D:3      | Found a white marble altar of Elyvilon.
  3941 | D:4      | Noticed a lemure
  3942 | D:4      | Noticed a lemure
  3944 | D:4      | Noticed Pikel
  3986 | D:3      | Reached XP level 6. HP: 32/32 MP: 2/11
  5370 | D:5      | Entered Level 5 of the Dungeon
  5655 | D:5      | Noticed a water moccasin
  5664 | D:5      | Killed a water moccasin
  5665 | D:5      | Reached skill level 6 in Fire Magic
  5756 | D:5      | Reached XP level 7. HP: 25/36 MP: 8/13
  5913 | D:5      | Noticed a steam dragon
  5925 | D:5      | Killed a steam dragon
  5926 | D:5      | Reached skill level 5 in Conjurations
  5936 | D:5      | Reached skill level 7 in Fire Magic
  6133 | D:5      | Noticed a shadow
  6139 | D:5      | Killed a shadow
  6140 | D:5      | Reached XP level 8. HP: 41/41 MP: 7/15
  6167 | D:5      | Reached skill level 8 in Fire Magic
  6669 | D:5      | Reached skill level 5 in Spellcasting
  6873 | D:5      | Reached skill level 9 in Fire Magic
  7046 | D:5      | Found a staircase to the Ecumenical Temple.
  7159 | D:5      | Reached XP level 9. HP: 38/45 MP: 8/18
  7708 | Temple   | Entered the Ecumenical Temple
  7750 | Temple   | Learned a level 4 spell: Flame Wave
  7754 | Temple   | Learned a level 3 spell: Inner Flame
  7754 | Temple   | Became a worshipper of Vehumet
  7775 | D:6      | HP: 1/45 [ogre/+0 giant spiked club (23)]
  7885 | D:6      | Reached skill level 10 in Fire Magic
  8183 | D:6      | Found a glowing drain.
  8197 | Sewer    | Entered a sewer
  8201 | Sewer    | Reached * piety under Vehumet
  8201 | Sewer    | Offered knowledge of Magic Dart by Vehumet.
  8426 | Sewer    | Found a glowing silver altar of Zin.
  8757 | D:6      | Reached skill level 11 in Fire Magic
  9141 | D:6      | Reached XP level 10. HP: 50/50 MP: 17/20
  9330 | D:6      | Found a snail-covered altar of Cheibriados.
  9330 | D:6      | Found an ancient bone altar of Kikubaaqudgha.
  9330 | D:6      | Found a burning altar of Makhleb.
  9451 | D:6      | Slain by an orc warrior

Illustrated notes

Levels and vault maps discovered:
D:1:      ldierk_water_garden, layout_basic, lexackson_kobold_supper
D:2:      layout_loops_ring, serial_shops, nicolae_square_shop
D:3:      layout_loops_ring, nicolae_elyvilon_temple_path, uniq_jessica
D:4:      layout_cave_pools, minmay_misc_feat_x, uniq_pikel
D:5:      cheibrodos_fzero, layout_loops_ring, minmay_temple_entry_from_below_a,
          st_stairs_14, ebering_dispersal_statue_hall, serial_park_tiny_2
D:6:      layout_basic, gammafunk_temple_overflow_claw, serial_undead,
          serial_undead_b, serial_undead_c, serial_undead_f, serial_undead_b,
          serial_undead_d, gup_sewer_entry_pipe, kennysheep_generic_room_15
Temple:   mainiacjoe_temple_coin_purse

Skill      XL: |  1  2  3  4  5  6  7  8  9 |
---------------+----------------------------+-----
Conjurations   | 2 3 4 5 7 9 |  9.2
Fire Magic     | 4 5 6 7 9 11 | 11.3
Spellcasting   | 3 4 5 6 |  6.7
Dodging        | |  2.1
Stealth        | |  2.0

Action                   |  1- 3 |  4- 6 |  7- 9 | 10-12 || total
-------------------------+-------+-------+-------+-------++-------
Melee: Unarmed           |    22 |    16 |    45 |    19 ||   102
       Peck              |     5 |     3 |    14 |     6 ||    28
       Kick              |     4 |     7 |    15 |    10 ||    36
       Punch             |       |       |     2 |     1 ||     3
 Cast: Foxfire           |    82 |   130 |   127 |     4 ||   343
       Scorch            |       |    16 |    79 |    17 ||   112
       Conjure Flame     |       |     3 |       |       ||     3
  Use: Potion            |     1 |       |     1 |       ||     2
       Scroll            |       |     8 |     2 |       ||    10
 Stab: Sleeping          |     1 |       |       |       ||     1
Armor: Robe              |     9 |    39 |   116 |    21 ||   185
       Skin              |       |       |     8 |       ||     8
Dodge: Dodged            |    25 |    84 |   202 |    30 ||   341

Table legend: (Time is in decaauts)
 A = Elapsed time spent in this place.
 B = Non-inter-level travel time spent in this place.
 C = Inter-level travel time spent in this place.
 D = Time resting spent in this place.
 E = Time spent auto-exploring this place.
 F = Levels seen in this place.
 G = Mean time per level.
                   A        B        C        D        E       F      G
               +--------+--------+--------+--------+--------+-----+--------+
         Total |   9194 |   8905 |    289 |   1263 |   5929 |   8 | 1149.2 |
       Dungeon |   8886 |   8606 |    280 |   1263 |   5739 |   6 | 1481.0 |
        Temple |     53 |     44 |      9 |      0 |      0 |   1 |   53.0 |
         Sewer |    254 |    254 |      0 |      0 |    189 |   1 |  254.0 |
               +--------+--------+--------+--------+--------+-----+--------+

Top non-repeatable levels by time:
     D:5: 2020 daAuts
     D:3: 1669 daAuts
     D:1: 1539 daAuts
     D:6: 1343 daAuts
     D:2: 1161 daAuts
     D:4: 1152 daAuts
   Sewer: 254 daAuts
  Temple: 53 daAuts
